 Dungeon Crawl Stone Soup version 0.18-a0-1805-g8ab820f (webtiles) character file.

187546 Ijustatesigmund the Brawler (level 17, 0/180 HPs)
             Began as a Troll Hunter on Apr 25, 2016.
             Was a High Priest of Okawaru.
             Succumbed to a merfolk javelineer's poison
             ... on level 4 of the Shoals on Apr 26, 2016.
             The game lasted 03:05:58 (30348 turns).

Ijustatesigmund the Brawler (Troll Hunter)         Turns: 30348, Time: 03:05:59

Health: 0/180      AC: 17    Str: 28    XL:     17   Next: 88%
Magic:  18/22      EV: 26    Int: 11    God:    Okawaru [*****.]
Gold:   2355       SH: 22    Dex: 21    Spells: 0 memorised, 16 levels left

rFire  + . .     SeeInvis .       - Unarmed
rCold  . . .     Gourm    +     e - +4 robe of Augmentation {Str+4 Int+4 Dex+4}
rNeg   . . .     Faith    .     K - +5 shield
rPois  +         Spirit   .     X - +2 hat of the High Council {Archmagi, Wiz- Stlth-}
rElec  .         Dismiss  .     Q - +2 cloak {rPois}
rCorr  .         Reflect  +     (gloves unavailable)
SustAt .         Harm     .     (boots unavailable)
MR     +....                    m - +3 amulet of reflection
Stlth  +++.......               W - ring of Nerchohurph {AC+3 Int+2}
                                l - +6 ring of evasion

@: lethally poisoned (0 -> -1), heroism, finesse, drained, somewhat resistant to
hostile enchantments, fairly stealthy
A: unfitting armour, claws 3, thin skeletal structure 1, dopey 1, fire
resistance 1, fast metabolism 3, gourmand, sense surroundings 1, regeneration 2,
shaggy fur 1, tough skin 2, wild magic 1
a: Heroism, Finesse, Renounce Religion


You were on level 4 of the Shoals.
You worshipped Okawaru.
Okawaru was extremely pleased with you.
You were very full.

You visited 6 branches of the dungeon, and saw 32 of its levels.
You visited 1 bazaar.
You also visited: Labyrinth, Sewer, Ossuary and Ice Cave.

You collected 2941 gold pieces.
You spent 586 gold pieces at shops.

Inventory:

Missiles
 c - 37 large rocks (quivered)
 d - 8 throwing nets
 I - 9 javelins of penetration
 Z - 14 poisoned javelins
Armour
 e - the +4 robe of Augmentation (worn) {Str+4 Int+4 Dex+4}
   (You found it on level 5 of the Dungeon)

   It affects your strength (+4).
   It affects your intelligence (+4).
   It affects your dexterity (+4).
 g - the cursed -5 robe of Misfortune {-Cast *Contam *Tele EV-4 Str-2 Int-2 Dex-2 Stlth-- *Curse, unknown}
   (You found it on level 4 of the Shoals)

   It affects your evasion (-4).
   It affects your strength (-2).
   It affects your intelligence (-2).
   It affects your dexterity (-2).
   It prevents spellcasting.
   It may teleport you next to monsters.
   It may re-curse itself when equipped.
   It causes magical contamination when unequipped.
   It makes you much less stealthy.
   It has a curse placed upon it.
 n - a +0 large shield of protection
 H - a +2 robe of fire resistance
 K - a +5 shield (worn)
 Q - a +2 cloak of poison resistance (worn)
 X - the +2 hat of the High Council (worn) {Archmagi, Wiz- Stlth-}
   (You found it on level 2 of the Lair of Beasts)

   It makes you less stealthy.
Jewellery
 h - an uncursed ring of protection from fire
 l - a +6 ring of evasion (left claw)
 m - a +3 amulet of reflection (around neck)
 y - an uncursed amulet of rage
 S - an uncursed ring of protection from magic
 W - the ring of Nerchohurph (right claw) {AC+3 Int+2}
   (You found it in an ice cave)

   [ring of protection]

   It affects your AC (+3).
   It affects your intelligence (+2).
Wands
 v - a wand of iceblast (6/15)
 x - a wand of disintegration (9/24)
 B - a wand of polymorph (14/24)
 C - a wand of lightning (9/15)
 D - a wand of teleportation (4/9)
 G - a wand of lightning (6/15)
 M - a wand of lightning (9/15)
 N - a wand of digging (14/24)
 Y - a wand of acid (3/15)
Scrolls
 i - 15 scrolls of remove curse
 t - 6 scrolls of enchant weapon
 w - a scroll of fog
 z - 3 scrolls of teleportation
 F - 4 scrolls of recharging
 J - 13 scrolls of identify
 L - a scroll of fear
 O - 2 scrolls of magic mapping
 P - 3 scrolls of immolation
Potions
 b - a potion of ambrosia
 k - 6 potions of flight
 o - a potion of haste
 q - 5 potions of might
 r - 2 potions of cure mutation
 s - 4 potions of brilliance
 u - 2 potions of agility
 A - 10 potions of curing
 E - a potion of magic
Miscellaneous
 R - a disc of storms
Comestibles
 a - 55 fruits
 f - 20 bread rations
 p - 13 meat rations


   Skills:
 - Level 14.3(17.8) Fighting
 + Level 11.9(15.4) Throwing
 - Level 8.3(12.0) Dodging
 - Level 3.1(7.0) Stealth
 + Level 8.9(12.6) Shields
 - Level 18.1(21.5) Unarmed Combat
 - Level 8.4(7.2) Invocations


You had 16 spell levels left.
You didn't know any spells.

Dungeon Overview and Level Annotations

Branches:
Dungeon (15/15)            Temple (1/1) D:5            Lair (8/8) D:9
 Shoals (4/4) Lair:5       Spider (2/4) Lair:5        Slime (0/6) Lair:8
    Orc (2/2) D:9             Elf (0/3) Orc:2        Vaults (0/5) D:13
 Depths (0/5) D:15

Altars:
Ashenzari
Cheibriados
Dithmenos
Elyvilon
Fedhas
Gozag
Kikubaaqudgha
Makhleb
Nemelex Xobeh
Okawaru
Pakellas
Qazlal
Ru
Sif Muna
Trog
Vehumet
Xom
Yredelemnul
Zin
The Shining One
Beogh

Shops:
D:5 !   D:6 [   D:8 *   D:10 ?   D:14 %([   Orc:2 [}:[

Portals:
Hell: Lair:8
Trove: D:12 (give +7 demon blade)

Annotations:
D:13 Norris, Rupert
Lair:8 exclusion: 2 oklob plants


Innate Abilities, Weirdness & Mutations

You are too large for most types of armour.
You have claws for hands.
Your metabolism is lightning-fast.
You like to eat raw meat.
You heal very quickly.
You are covered in fur (AC +1).
You have very tough skin (AC +2).
You have a somewhat thin skeletal structure (Dex +2, Stealth).
You are dopey. (Int -2)
Your flesh is heat resistant.
You passively map a small area around you.
Your spells are a little harder to cast, but a little more powerful.


Message History

Read which item? (? for menu, Esc to quit)
As you read the scroll of fear, it crumbles to dust.
You assume a fearsome visage.
The merfolk javelineer looks frightened!
The merfolk looks frightened!
The frost giant looks frightened!
The merfolk javelineer looks frightened!
The merfolk impaler looks frightened!
The frost giant looks frightened!
The merfolk impaler looks frightened!
The siren looks frightened!
The merfolk javelineer looks frightened!
The snapping turtle looks frightened!
The manticore looks frightened!
The merfolk impaler looks frightened!
The water nymph looks frightened!
The siren stops singing.
You are no longer entranced.
* * * LOW HITPOINT WARNING * * *
You feel sick.
The merfolk impaler pleads, "Please don't kill me!"
The merfolk impaler mumbles, "Damn and blast!"
Your surroundings suddenly seem different.
Splash!
You die...

≈
≈≈≈≈≈≈≈≈≈≈≈≈≈#≈####≈....
≈ ≈≈ ≈≈≈≈≈≈≈≈≈≈≈≈≈≈###
*##.... ≈
≈≈≈≈≈≈≈≈≈≈≈≈≈#≈≈≈≈# ###..
≈≈≈≈≈≈≈≈≈≈≈≈≈#≈≈≈≈≈≈,#≈.≈
≈ ≈≈≈≈≈≈≈≈≈)≈≈≈#≈≈#≈#≈
##.≈ ≈≈≈≈≈≈≈≈≈≈)≈≈##≈≈≈≈≈
#≈.. ≈≈ ≈≈≈≈≈≈≈≈≈≈≈≈##
≈#≈#≈ #≈.. ≈≈≈≈≈≈≈≈≈≈.≈≈#
≈≈≈≈≈≈##..
≈≈≈≈≈≈≈≈@...### #≈≈##.. ≈
≈≈≈≈≈≈≈≈≈....≈##### #..≈P
≈≈≈≈≈≈≈≈≈.....#≈≈≈###≈..)
≈
≈≈≈≈≈≈≈≈.......≈≈≈≈≈≈≈..)
≈≈≈≈≈≈≈≈.....P.≈PP≈≈≈≈..≈
≈≈≈≈≈≈≈≈≈......≈≈≈≈≈#≈#≈.
≈
≈≈≈≈≈≈≈≈≈.....≈≈≈≈≈#≈≈≈#≈
≈
≈≈≈≈≈≈≈≈≈≈≈≈.≈≈≈≈≈#≈≈≈≈≈#
≈≈≈≈≈≈≈≈≈≈≈≈...≈≈≈≈≈≈≈≈≈≈


There were no monsters in sight!

Vanquished Creatures
  Nikola (Shoals:2)
  A kraken (Shoals:2)
  Ilsuiw (Shoals:4)
  A frost giant (IceCv)
  A spark wasp (Spider:1)
  2 dire elephants (Lair:8)
  A minotaur (Lab)
  3 merfolk javelineers
  Josephine (D:14)
  Erolcha (D:8)
  The ghost of Denapoli the Grappler, a journeyman TrFi of Okawaru (Orc:1)
  13 merfolk impalers
  An entropy weaver (Spider:2)
  11 hydras
  2 centaur warriors (D:13)
  3 alligator snapping turtles (Shoals:4)
  3 merfolk aquamancers (Shoals:4)
  Erica (Lair:2)
  4 satyrs (Shoals:4)
  14 death yaks
  4 merfolk avatars
  2 orc high priests (Orc:1)
  Urug (D:10)
  A sun demon (Lair:8)
  Sonja (D:10)
  A wizard (Lair:8)
  6 skeletal warriors
  A spark wasp zombie (D:15)
  12 sea snakes
  An unseen horror (D:12)
  2 hill giants
  4 orb spiders
  3 oklob plants
  8 orc knights
  The ghost of barb4r1an the Conjurer, a novice DrCj of Vehumet (D:6)
  16 harpies
  8 griffons
  11 fauns
  4 wolf spiders
  5 cyclopes
  7 manticores
  A hornet (Spider:2)
  4 black mambas
  Joseph (D:7)
  A moth of wrath (Spider:2)
  24 elephants
  4 water nymphs
  7 sirens
  4 torpor snails
  An orange demon (Lair:8)
  A gargoyle (D:13)
  19 spiny frogs
  A smoke demon (Lair:8)
  2 rime drakes
  5 demonic crawlers
  7 komodo dragons
  2 efreet
  A hellwing (Lair:8)
  5 ice devils (Lair:8)
  3 spriggan druids (Lair:6)
  7 trolls
  10 jumping spiders
  21 polar bears
  6 wind drakes
  37 merfolk
  A tengu conjurer (D:13)
  A boulder beetle (Lair:8)
  A two-headed ogre (D:12)
  Prince Ribbit (D:7)
  35 blink frogs
  10 slime creatures (D:14)
  6 snapping turtles
  A centaur simulacrum (D:14)
  17 tarantellas
  A shadow (D:14)
  24 redbacks
  13 spriggans
  5 water elementals
  6 wraiths
  2 wyverns
  Grum (D:8)
  A basilisk (Lair:1)
  54 yaks
  Eustachio (D:8)
  13 hippogriffs
  8 humans
  7 hungry ghosts
  2 mottled dragons
  Menkaure (D:7)
  9 wargs
  13 water moccasins
  22 porcupines
  Duvessa (D:7)
  4 hell hounds (Lair:8)
  5 ice beasts
  39 orc warriors
  3 black bears
  An eye of draining (D:11)
  5 sky beasts
  10 ogres
  22 wolves
  4 wasps
  A necrophage (D:14)
  2 phantoms
  The ghost of vatarom the Cudgeler, an amateur DsFi (D:4)
  5 centaurs
  A big kobold (Sewer)
  14 crocodiles
  22 giant frogs
  A wyvern zombie (D:12)
  4 gnoll sergeants (D:8)
  Dowan (D:7)
  A scorpion (D:7)
  14 killer bees
  4 troll zombies (D:9)
  13 wights
  4 electric eels
  3 howler monkeys
  6 crimson imps
  5 centaur zombies
  A giant frog zombie (D:12)
  2 jellies
  2 quasits
  2 centaur skeletons
  8 hounds
  20 orc priests
  4 giant frog skeletons
  4 human zombies (Ossuary)
  Natasha (twice) (D:2)
  11 iguanas
  16 orc wizards
  7 worker ants
  39 sheep
  A big kobold zombie (Ossuary)
  4 ogre zombies (D:9)
  2 mummies (Ossuary)
  A worker ant zombie (D:5)
  7 adders
  A howler monkey skeleton (D:11)
  91 river rats
  6 shadow imps
  12 white imps (Lair:5)
  4 worms
  An adder skeleton (D:7)
  2 dart slugs (D:3)
  9 giant geckos
  89 orcs
  8 bats
  6 giant cockroaches
  5 goblins
  10 hobgoblins
  5 jackals
  5 quokkas
  8 giant newts
  3 goblin skeletons (D:9)
  4 goblin zombies
  2 hobgoblin skeletons (D:9)
  15 hobgoblin zombies
  A jackal zombie (Ossuary)
  10 kobolds
  6 kobold zombies (Ossuary)
  3 orc skeletons (D:9)
  21 orc zombies
  3 quokka skeletons
  2 quokka zombies
  9 rats
  A rat zombie (Ossuary)
  3 fungi
  A plant (Shoals:4)
  6 tentacles (Shoals:2)
1276 creatures vanquished.

Vanquished Creatures (others)
  A merfolk javelineer (Shoals:4)
  A faun (Shoals:1)
  A cyclops (D:11)
  14 fungi
  18 plants
  8 tentacles (Shoals:2)
  683 tentacle segments (Shoals:2)
  2 withered plants (D:15)
728 creatures vanquished.

Grand Total: 2004 creatures vanquished

Notes
Turn   | Place    | Note
--------------------------------------------------------------
     0 | D:1      | Ijustatesigmund the Troll Hunter began the quest for the Orb.
     0 | D:1      | Reached XP level 1. HP: 19/19 MP: 0/0
    89 | D:1      | You fall through a shaft!
   247 | D:1      | Reached skill level 1 in Unarmed Combat
   398 | D:1      | Reached XP level 2. HP: 28/28 MP: 1/1
   746 | D:1      | Reached skill level 2 in Unarmed Combat
   831 | D:1      | You fall through a shaft!
   858 | D:2      | Reached XP level 3. HP: 34/35 MP: 2/2
  1159 | D:2      | Noticed Natasha
  1165 | D:2      | Killed Natasha
  1165 | D:2      | Reached skill level 3 in Unarmed Combat
  1165 | D:2      | Reached XP level 4. HP: 33/44 MP: 3/3
  1395 | D:2      | Noticed Natasha
  1400 | D:2      | Killed Natasha
  1616 | D:3      | Reached XP level 5. HP: 34/50 MP: 4/4
  1672 | D:3      | Reached skill level 4 in Unarmed Combat
  1815 | D:3      | Found a basalt altar of Yredelemnul.
  1967 | D:3      | Found a shadowy altar of Dithmenos.
  1967 | D:3      | Found a blossoming altar of Fedhas.
  2172 | D:4      | Reached XP level 6. HP: 47/61 MP: 5/5
  2173 | D:4      | Noticed vatarom's ghost (amateur DsFi)
  2189 | D:4      | Killed vatarom's ghost
  2189 | D:4      | Reached skill level 5 in Unarmed Combat
  2196 | D:4      | Found a sand-covered staircase.
  2205 | Ossuary  | Entered an ossuary
  2349 | Ossuary  | Reached XP level 7. HP: 68/68 MP: 6/6
  2365 | Ossuary  | Reached skill level 6 in Unarmed Combat
  2521 | D:4      | Found an oddly glowing altar of Pakellas.
  2659 | D:4      | Found a glowing drain.
  2664 | Sewer    | Entered a sewer
  2781 | Sewer    | Found a white marble altar of Elyvilon.
  3042 | D:5      | Entered Level 5 of the Dungeon
  3072 | D:5      | Reached skill level 7 in Unarmed Combat
  3090 | D:5      | Found a staircase to the Ecumenical Temple.
  3099 | Temple   | Entered the Ecumenical Temple
  3587 | D:5      | Found Huzicliv's Distillery.
  3600 | D:5      | Bought a potion of berserk rage for 55 gold pieces
  3600 | D:5      | Bought a potion of heal wounds for 55 gold pieces
  3946 | D:5      | Reached XP level 8. HP: 71/79 MP: 7/7
  4094 | D:6      | Found a bloodstained altar of Trog.
  4102 | D:6      | Found Ziaqoh's Antique Armour Boutique.
  4136 | D:6      | Reached skill level 8 in Unarmed Combat
  4192 | D:6      | Reached skill level 5 in Fighting
  4286 | D:6      | Noticed barb4r1an's ghost (novice DrCj)
  4297 | D:6      | Killed barb4r1an's ghost
  4297 | D:6      | Reached skill level 9 in Unarmed Combat
  4342 | D:6      | Found a glowing golden altar of the Shining One.
  4583 | D:7      | Noticed Menkaure
  4611 | D:7      | Noticed Dowan
  4612 | D:7      | Noticed Duvessa
  4619 | D:7      | Killed Duvessa
  4621 | D:7      | Killed Dowan
  4621 | D:7      | Reached XP level 9. HP: 87/89 MP: 8/8
  4704 | D:7      | Noticed Prince Ribbit
  4713 | D:7      | Killed Prince Ribbit
  4759 | D:7      | Reached skill level 10 in Unarmed Combat
  4853 | D:7      | Killed Menkaure
  4946 | D:7      | Noticed Joseph
  4960 | D:7      | Killed Joseph
  5098 | D:7      | Reached skill level 11 in Unarmed Combat
  5526 | D:8      | Noticed Eustachio
  5570 | D:8      | Killed Eustachio
  5690 | D:8      | Reached XP level 10. HP: 102/102 MP: 9/9
  5798 | D:8      | Noticed Erolcha
  5803 | D:8      | Paralysed by something for 6 turns
  5887 | D:8      | Reached skill level 1 in Shields
  6076 | D:8      | Noticed Grum
  6106 | D:8      | Killed Grum
  6396 | D:8      | Found Cuv Saoj's General Store.
  6415 | D:8      | Bought a potion of heal wounds for 80 gold pieces
  6415 | D:8      | Bought a scroll of identify for 32 gold pieces
  6499 | D:8      | Found a sparkling altar of Nemelex Xobeh.
  6500 | D:8      | Found a stormy altar of Qazlal.
  6500 | D:8      | Found an iron altar of Okawaru.
  6500 | D:8      | Found a shattered altar of Ashenzari.
  6506 | D:8      | Found a white marble altar of Elyvilon.
  6512 | D:8      | Reached skill level 12 in Unarmed Combat
  6514 | D:8      | Found a deep blue altar of Sif Muna.
  6578 | D:8      | Became a worshipper of Warmaster Okawaru
  6664 | D:8      | Killed Erolcha
  6827 | D:9      | Reached * piety under Okawaru
  6918 | D:9      | Found a sacrificial altar of Ru.
  6932 | D:9      | Found a staircase to the Orcish Mines.
  7165 | D:9      | Reached ** piety under Okawaru
  7272 | D:9      | You fall through a shaft!
  7272 | D:10     | Entered Level 10 of the Dungeon
  7401 | D:9      | Found a staircase to the Lair.
  7471 | D:9      | Reached XP level 11. HP: 91/113 MP: 10/10
  7705 | Lair:1   | Entered Level 1 of the Lair of Beasts
  7993 | D:10     | Reached *** piety under Okawaru
  8132 | D:10     | Noticed Sonja
  8133 | D:10     | Killed Sonja
  8211 | D:10     | Noticed Urug
  8226 | D:10     | Killed Urug
  8226 | D:10     | Reached skill level 5 in Shields
  8226 | D:10     | Reached skill level 13 in Unarmed Combat
  8466 | D:10     | Found Okizes's Magic Scroll Emporium.
  8474 | D:10     | Bought a scroll of identify for 24 gold pieces
  8474 | D:10     | Bought a scroll of identify for 24 gold pieces
  8474 | D:10     | Bought a scroll of identify for 24 gold pieces
  8474 | D:10     | Bought a scroll of enchant armour for 90 gold pieces
  8898 | D:11     | Reached **** piety under Okawaru
  9650 | D:12     | Found a labyrinth entrance.
  9658 | Lab      | Entered a labyrinth
  9820 | Lab      | Reached ***** piety under Okawaru
  9972 | Lab      | Noticed a minotaur
  9986 | Lab      | Killed a minotaur
 10058 | Lab      | Gained mutation: You passively map a small area around you. [potion of mutation]
 10058 | Lab      | Gained mutation: You are dopey. (Int -2) [potion of mutation]
 10088 | D:12     | Reached XP level 12. HP: 116/123 MP: 11/11
 10197 | D:12     | Reached skill level 5 in Throwing
 10264 | D:12     | Received a gift from Okawaru
 10589 | D:12     | Found a deep blue altar of Sif Muna.
 10792 | D:12     | Reached skill level 5 in Dodging
 10855 | D:12     | Found a portal to a secret trove of treasure.
 11102 | D:13     | Found a gate to the Vaults.
 11102 | D:13     | Noticed a death knight
 11102 | D:13     | Noticed Norris
 11102 | D:13     | Noticed Rupert
 11103 | D:13     | Paralysed by Norris for 5 turns
 11674 | Lair:1   | Received a gift from Okawaru
 11812 | Lair:1   | Received a gift from Okawaru
 11900 | Lair:1   | Received a gift from Okawaru
 12099 | Lair:1   | Noticed a seven-headed hydra
 12103 | Lair:1   | Killed a seven-headed hydra
 12734 | Lair:2   | Noticed an eight-headed hydra
 12740 | Lair:2   | Killed an eight-headed hydra
 12832 | Lair:2   | Noticed Erica
 12843 | Lair:2   | Killed Erica
 12843 | Lair:2   | Reached XP level 13. HP: 87/131 MP: 12/12
 13347 | Lair:2   | Reached skill level 1 in Invocations
 13937 | Lair:3   | Found a stormy altar of Qazlal.
 14093 | Lair:3   | Received a gift from Okawaru
 14120 | Lair:3   | Reached skill level 5 in Invocations
 14197 | Lair:3   | Identified a scroll of acquirement
 14685 | Lair:4   | Received a gift from Okawaru
 14843 | Lair:1   | Received a gift from Okawaru
 15584 | Lair:5   | Found a frozen archway.
 15661 | IceCv    | Entered an ice cave
 15680 | IceCv    | Reached XP level 14. HP: 140/140 MP: 17/19
 15936 | IceCv    | Received a gift from Okawaru
 16056 | IceCv    | Reached ****** piety under Okawaru
 16098 | IceCv    | Reached skill level 14 in Unarmed Combat
 16167 | IceCv    | Noticed a frost giant
 16183 | IceCv    | Killed a frost giant
 16183 | IceCv    | Reached skill level 10 in Fighting
 16185 | IceCv    | Received a gift from Okawaru
 16222 | IceCv    | Identified the Handbook of the Glacier
 16226 | IceCv    | Got a glittering marble ring
 16235 | IceCv    | Identified the ring of Nerchohurph {AC+3 Int+2} (You found it in an ice cave)
 16668 | Lair:5   | Received a gift from Okawaru
 16690 | Lair:5   | Found a hole to the Spider Nest.
 16942 | Lair:5   | Found a staircase to the Shoals.
 17837 | Lair:6   | Reached skill level 15 in Unarmed Combat
 17880 | Lair:6   | Received a gift from Okawaru
 18308 | Lair:7   | Received a gift from Okawaru
 19004 | Lair:8   | Entered Level 8 of the Lair of Beasts
 19010 | Lair:8   | Reached XP level 15. HP: 154/154 MP: 17/20
 19105 | Lair:8   | Received a gift from Okawaru
 19205 | Lair:8   | Received a gift from Okawaru
 19436 | Lair:8   | Found a staircase to the Slime Pits.
 19565 | Lair:8   | Reached skill level 16 in Unarmed Combat
 20059 | Lair:8   | Found a burning altar of Makhleb.
 20098 | Lair:8   | Found a gateway to Hell.
 20670 | Orc:1    | Entered Level 1 of the Orcish Mines
 20838 | Orc:1    | Noticed Denapoli's ghost (journeyman TrFi)
 20901 | Orc:1    | Killed Denapoli's ghost
 21092 | Orc:2    | Entered Level 2 of the Orcish Mines
 21420 | Orc:2    | Found a staircase to the Elven Halls.
 21630 | Orc:2    | Found Ydul's Gadget Shoppe.
 21643 | Orc:2    | Received a gift from Okawaru
 21666 | Orc:2    | Found Vepov's Armour Shop.
 21708 | Orc:2    | Bought a +1 cloak of poison resistance for 202 gold pieces
 21724 | Orc:2    | Found a roughly hewn altar of Beogh.
 21762 | Orc:2    | Found Qeodasin's Book Shop.
 21808 | Orc:2    | Found Fusireoz's Antique Armour Shoppe.
 22255 | D:13     | Received a gift from Okawaru
 22701 | D:14     | Found Suonepp's Food Boutique.
 22747 | D:14     | Found Myghom's Weapon Shop.
 22784 | D:14     | Found a flickering gateway to a bazaar.
 22790 | Bazaar   | Entered a bazaar
 22790 | Bazaar   | Found Efyri's Weapon Shoppe.
 22790 | Bazaar   | Found Voshrott's Antique Weapon Shoppe.
 22790 | Bazaar   | Found Kecsausy's Food Emporium.
 22891 | Bazaar   | Found Nibiqit's General Store.
 22915 | D:14     | Reached skill level 17 in Unarmed Combat
 22917 | D:14     | Reached XP level 16. HP: 159/170 MP: 14/21
 22955 | D:14     | Noticed Josephine
 22970 | D:14     | Killed Josephine
 23197 | D:14     | Found Jinnos's Armour Shoppe.
 23768 | D:14     | You fall through a shaft!
 23768 | D:15     | Entered Level 15 of the Dungeon
 23925 | D:15     | Found a blossoming altar of Fedhas.
 24079 | D:15     | Found a staircase to the Depths.
 24825 | Lair:1   | Identified a +3 rod of shadows (14/14) (You found it on level 8 of the Lair of Beasts)
 24836 | Lair:1   | Got a shimmering greatsling {god gift}
 24837 | Lair:1   | Identified the +5 greatsling "Dedeor" {flame, rN++ Dex+3} (Okawaru gifted it to you on level 1 of the Lair of Beasts)
 24970 | Spider:1 | Entered Level 1 of the Spider Nest
 25151 | Spider:1 | Received a gift from Okawaru
 25316 | Spider:1 | Received a gift from Okawaru
 25544 | Spider:1 | Gained mutation: You have a somewhat thin skeletal structure (Dex +2, Stealth). [potion of beneficial mutation]
 25545 | Spider:1 | Gained mutation: Your flesh is heat resistant. [potion of beneficial mutation]
 25546 | Spider:1 | Gained mutation: Your spells are a little harder to cast, but a little more powerful. [potion of beneficial mutation]
 26488 | Shoals:1 | Entered Level 1 of the Shoals
 26672 | Shoals:1 | Reached skill level 18 in Unarmed Combat
 27316 | Shoals:2 | Noticed Nikola
 27334 | Shoals:2 | Killed Nikola
 27334 | Shoals:2 | Received a gift from Okawaru
 27334 | Shoals:2 | Reached skill level 1 in Stealth
 27459 | Shoals:2 | Noticed a kraken
 27771 | Shoals:2 | Killed a kraken
 27857 | Shoals:2 | Reached XP level 17. HP: 110/180 MP: 22/22
 28333 | Shoals:3 | Reached skill level 10 in Throwing
 29041 | Shoals:3 | Received a gift from Okawaru
 29267 | Shoals:4 | Entered Level 4 of the Shoals
 29488 | Shoals:4 | Got a tattered robe
 29536 | Shoals:4 | Noticed Ilsuiw
 29690 | Shoals:4 | Killed Ilsuiw
 29936 | Shoals:4 | Received a gift from Okawaru
 30141 | Shoals:4 | Received a gift from Okawaru
 30346 | Shoals:4 | HP: 1/180 [water nymph/the raging water (42)]
 30348 | Shoals:4 | Succumbed to a merfolk javelineer's poison

Vault maps used:
D:1:      dpeg_arrival_tiny_c
D:2:      first_bread, uniq_natasha
D:3:      yredelemnul_altar_generic, gammafunk_temple_overflow_elements
D:4:      nicolae_ossuary_entry_ruins, gup_sewer_entry_bowl,
          johnstein_pakellas_death_squad
D:5:      black_bear_nest_2, minmay_temple_entry_crystal_x, serial_shops, shop
D:6:      lemuel_crystal_altar, tso_metal_star, serial_shops,
          nicolae_shop_overgrown_old_shop, roderic_st_hans_cross
D:7:      uniq_prince_ribbit1, uniq_duvessa, uniq_joseph, uniq_menkaure
D:8:      minmay_overflow_temple_hex, serial_shops, nicolae_shop_crystal,
          sword_in_stone, uniq_grum, uniq_erolcha
D:9:      old_standard_altar, david_lair_shrubbed, zombieorc2_lemuel
D:10:     serial_shops, shop, the_bakery, uniq_urug, uniq_sonja
D:12:     enter_trove_2, basic_altar, lab_entry_generic
D:13:     david_vaults_3
D:14:     serial_shops, bzr_entry_lakeside, shop, nicolae_shop_window_shopping,
          shop, uniq_josephine
D:15:     gammafunk_depths_entry_grave, minmay_misc_feat_alley,
          serial_column_ruins, column_ruins_hut, column_ruins_square_small,
          column_ruins_open_small, column_ruins_corridor_straight,
          column_ruins_grid_1, column_ruins_open_tiny,
          column_ruins_corridor_straight, column_ruins_grid_2, serial_shops,
          nicolae_shop_waterfront, fedhas_altar_3
Temple:   minmay_temple_bridge_a_8
Lair:1:   mu_elephants_graveyard
Lair:2:   gammafunk_lair_bear_cave, serial_bayou, serial_bayou_pond_a,
          serial_bayou_ford_a, serial_bayou_lagoon_a, serial_bayou_shore_a,
          serial_bayou_pond_e, uniq_erica
Lair:3:   minivault_25, lemuel_oklob_altar
Lair:4:   minmay_lair_oklob_items, grunt_megastairs_3, serial_bayou_shore_b
Lair:5:   elwin_shoals_entry_rocks, spider_nest_entry_webs,
          portal_ice_cave_entry_imps, grunt_megastairs_5
Lair:6:   forest_paths, lemuel_fruit_fields, serial_bayou_shore_b
Lair:7:   serial_forest, infiniplex_forest_straight_2,
          infiniplex_forest_lined_room_3, infiniplex_forest_lined_2,
          infiniplex_forest_clump_large, infiniplex_forest_zigzag_1,
          infiniplex_forest_clump_tiny, infiniplex_forest_clump_double,
          minivault_27, serial_bayou_pond_a, serial_bayou_pond_c
Lair:8:   evil_forest, minmay_slime_entry_oklob_enclosed, minivault_11,
          minmay_hedge_maze, lemuel_fruit_tree, lemuel_fruit_fields,
          lemuel_fruit_fields, infiniplex_staircase_pool_2
Shoals:2: uniq_nikola
Shoals:3: nicolae_shoals_square_sea_wall
Shoals:4: shoals_end_grunt_ice, shoal_ilsuiw
Orc:2:    st_orc_town
Lab:      labyrinth_watery, nicolae_lab_lava, nicolae_lab_checkerboard,
          nicolae_lab_very_dead_end, nicolae_lab_arrow, nicolae_lab_grate_2,
          lab_fountain, nicolae_lab_garden, labyrinth_fake_exit
Bazaar:   bazaar_general_marketplace
Sewer:    sewer_kobolds
Ossuary:  ossuary_tomb_1
IceCv:    ice_cave_caverns_03

Skill      XL: |  1  2  3  4  5  6  7  8  9 10 11 12 13 14 15 16 17 |
---------------+----------------------------------------------------+-----
Unarmed Combat | 1 2 3 4 5 7 9 11 12 13 15 17 18 | 18.1
Fighting       | 2 3 4 5 7 8 9 11 13 14 | 14.3
Shields        | 4 5 8 |  8.9
Dodging        | 4 7 8 |  8.3
Throwing       | 4 8 9 11 | 11.9
Invocations    | 8 |  8.4
Stealth        | 2 3 |  3.1

Action                   |  1- 3 |  4- 6 |  7- 9 | 10-12 | 13-15 | 16-18 || total
-------------------------+-------+-------+-------+-------+-------+-------++-------
Melee: Unarmed           |   119 |   208 |   310 |   666 |  1663 |  1104 ||  4070
       Punch             |     2 |     3 |    14 |       |       |       ||    19
Throw: Large rock        |       |       |    13 |    17 |    52 |    40 ||   122
       Throwing net      |       |       |     1 |       |       |       ||     1
       Javelin           |       |       |       |       |       |    31 ||    31
Invok: Heroism           |       |       |       |     4 |    19 |    14 ||    37
       Finesse           |       |       |       |       |     6 |     4 ||    10
Evoke: Wand              |       |       |       |     9 |    10 |     2 ||    21
  Use: Scroll            |     6 |     6 |     9 |    16 |    18 |    11 ||    66
       Potion            |       |       |     2 |     8 |     6 |     8 ||    24
 Stab: Sleeping          |       |     1 |     5 |     4 |     1 |       ||    11
       Held in net/web   |       |       |     1 |       |       |     1 ||     2
       Confused          |       |       |       |     1 |       |       ||     1
       Invisible         |       |       |       |     9 |       |       ||     9
       Distracted        |       |       |       |     1 |       |       ||     1
  Eat: Chunk             |    16 |     6 |    31 |    68 |    88 |    75 ||   284
       Fruit             |       |       |     4 |       |       |       ||     4
       Beef jerky        |       |       |     1 |     1 |     5 |       ||     7
       Pizza             |       |       |     1 |     1 |     1 |       ||     3
       Royal jelly       |       |       |       |     2 |       |       ||     2
Armor: Robe              |    31 |    59 |   104 |   209 |   236 |   175 ||   814
       Troll leather arm |       |       |       |       |       |     3 ||     3
Dodge: Dodged            |    54 |    93 |   120 |   169 |   645 |   668 ||  1749
Block: Other             |     8 |    23 |    36 |       |       |       ||    67
       Reflection        |       |     1 |     1 |    11 |    20 |    53 ||    86
       Shield            |       |       |     1 |   460 |  1401 |  1070 ||  2932
